[Event "*** SCC Grand Prix: Titled Tuesday Blitz"]
[Site "Chess.com"]
[Date "2020.07.14"]
[Round "3"]
[White "BillieKimbah"]
[Black "Rodalquilar"]
[Result "1-0"]
[WhiteElo "2897"]
[BlackElo "2633"]
[TimeControl "180+1"]
[EndTime "10:28:30 PDT"]
[Termination "BillieKimbah won on time"]

1. d4 Nf6 2. Nf3 d5 3. Bf4 e6 4. e3 Bd6 5. Nbd2 O-O 6. c3 b6 7. h4 Bb7 8. h5 h6 9. Ne5 Nfd7 10. Qg4 Kh8 11. Bd3 Nxe5 12. dxe5 Be7 13. O-O-O Nd7 14. Bc2 Qe8 15. Rh3 Nc5 16. Bg3 Ba6 17. Nf3 Rd8 18.
Bh4 Bxh4 19. Nxh4 Ne4 20. Qf4 Qb5 21. Rhh1 Qe2 22. Rhf1 Qxh5 23. Rh1 Qe2 24. Nf3 Kh7 25.
Rxh6+ gxh6 26. Rh1 1-0

[Event "*** SCC Grand Prix: Titled Tuesday Blitz"]
[Site "Chess.com"]
[Date "2020.07.14"]
[Round "3"]
[White "GothamChess"]
[Black "fighter2jz"]
[Result "0-1"]
[WhiteElo "2597"]
[BlackElo "2816"]
[TimeControl "180+1"]
[EndTime "10:28:30 PDT"]
[Termination "fighter2jz won on time"]

1. e4 c5 2. a3 Nc6 3. b4 cxb4 4. axb4 Nxb4 5. c3 Nc6 6. d4 d5 7.
exd5 Qxd5 8. Na3 e5 9. Nb5 Bd6 10. Bc4 Qe4+ 11. Ne2 Bb8 12. O-O Nf6 13. Ba3 Be6 14.
Ng3 Qh4 15. d5 Qxc4 16. dxe6 Qxb5 17. exf7+ Kxf7 18. Rb1 Qa6 19. Qb3+ Kg6 20. Qe6 Re8 21. Qb3 e4 22. f4 Qb6+ 23. Bc5 Qxb3 24. Rxb3 b6 25.
f5+ Kf7 26. Be3 Bxg3 0-1

[Event "*** SCC Grand Prix: Titled Tuesday Blitz"]
[Site "Chess.com"]
[Date "2020.07.14"]
[Round "3"]
[White "Boudicca64"]
[Black "MVM2008"]
[Result "0-1"]
[WhiteElo "1801"]
[BlackElo "2239"]
[TimeControl "180+1"]
[EndTime "10:28:30 PDT"]
[Termination "MVM2008 won by resignation"]

1. e4 e5 2. d4 exd4 3. Qxd4 Nc6 4. Qe3 Nf6 5. Nc3 Bb4 6. Bd2 O-O 7. O-O-O Re8 8. f3 d5 9. Qf2 dxe4 10. Bg5 e3 11. Qg3 Bd6 12. Qh4 h6 13. Bxf6 Qxf6 14. Qxf6 gxf6 15. Bb5 Bd7 16. Ne4 a6 17. Nxf6+ Kg7 18.
Nxe8+ Rxe8 19. Bxc6 Bxc6 20. Ne2 Bc5 21. Rhe1 Bb5 22.
Nd4 Bd7 23. c3 b5 24. Nb3 Bd6 25. Nc5 e2 26. Rd5 Bc6 27. Rd4 Bxc5 28. Rg4+ Kh7 29.
Kd2 f5 30. Rd4 Bxd4 31. cxd4 Kg6 32. Rxe2 Rxe2+ 33. Kxe2 f4 34. Kd3 Kf5 35. b4 Bd5 36. a3 Bc4+ 0-1

[Event "*** SCC Grand Prix: Titled Tuesday Blitz"]
[Site "Chess.com"]
[Date "2020.07.14"]
[Round "3"]
[White "KazakhFighter04"]
[Black "ChessicallyInclined"]
[Result "1-0"]
[WhiteElo "2743"]
[BlackElo "2493"]
[TimeControl "180+1"]
[EndTime "10:28:31 PDT"]
[Termination "KazakhFighter04 won by resignation"]

1. e4 c5 2. Nf3 Nc6 3. d4 cxd4 4. Nxd4 Nf6 5. Nc3 e5 6. Ndb5 d6 7. Bg5 a6 8. Na3 b5 9. Bxf6 gxf6 10. Nd5 Bg7 11. g3 f5 12. exf5 Bxf5 13. Bg2 Rc8 14.
O-O O-O 15. c3 Bg6 16. Nc2 a5 17. a3 f5 18. f4 e4 19. Nce3 b4 20. axb4 axb4 21.
Ra6 bxc3 22. bxc3 Ne7 23. Ra7 Nxd5 24. Nxd5 Rc5 25. Kh1 Kh8 26. Qd2 Bf7 27. c4 Rxc4 28. Ne3 Rc5 29. Rd1 Qb6 30. Rd7 Bg6 31. Rxd6 Qb3 32.
Rd8 Rc8 33. Rd7 Rg8 34. Bh3 Rc5 35. Rd8 h6 36. Rxg8+ Qxg8 37. Qd6 Rc3 38. Qxg6 Rxe3 39. Bxf5 Re2 40. Rd8 Re1+ 41. Kg2 Rg1+ 42. Kxg1 Bd4+ 43. Kg2 1-0

[Event "*** SCC Grand Prix: Titled Tuesday Blitz"]
[Site "Chess.com"]
[Date "2020.07.14"]
[Round "3"]
[White "Chessmasterzt"]
[Black "Batsai"]
[Result "1-0"]
[WhiteElo "2596"]
[BlackElo "2398"]
[TimeControl "180+1"]
[EndTime "10:28:31 PDT"]
[Termination "Chessmasterzt won on time"]

1. d4 Nf6 2. Nf3 e6 3. c4 c5 4. Nc3 b6 5. d5 exd5 6. cxd5 g6 7. Bf4 d6 8. h3 a6 9. e4 Bg7 10. Qa4+ Bd7 11. Qb3 Bc8 12. a4 O-O 13. Be2 Nh5 14. Bh2 Re8 15. Nd2 Nf6 16. O-O Qc7 17. Nc4 Bf8 18.
Qxb6 Qxb6 19. Nxb6 Ra7 20. a5 Nbd7 21. f3 Ne5 22.
Rab1 Nh5 23. f4 Nd7 24. Nc4 Rb7 25. Bxh5 gxh5 26. f5 Ne5 27. Bxe5 dxe5 28. d6 Rb4 29. b3 Bd7 30. Nd5 1-0

[Event "*** SCC Grand Prix: Titled Tuesday Blitz"]
[Site "Chess.com"]
[Date "2020.07.14"]
[Round "3"]
[White "OnePeculiarConundrum"]
[Black "arminmusovic"]
[Result "0-1"]
[WhiteElo "2359"]
[BlackElo "2558"]
[TimeControl "180+1"]
[EndTime "10:28:31 PDT"]
[Termination "arminmusovic won by resignation"]

1. e4 c6 2. d4 d5 3. exd5 cxd5 4.
Bd3 Nc6 5. c3 Nf6 6. Bf4 g6 7.
Ne2 Bg7 8. O-O O-O 9. Nd2 Re8 10.
Ng3 Nd7 11. Re1 e5 12. dxe5 Ndxe5 13. Nf3 Bg4 14. Be2 Nxf3+ 15. Bxf3 Rxe1+ 16. Qxe1 Bxf3 17. gxf3 Qf6 18. Qd2 d4 19. Ne4 Qf5 20. Nd6 Qd7 21. cxd4 Nxd4 22. Kg2 Rd8 23. Rd1 Qc6 24. Ne4 f5 25.
Rc1 Qd5 26. Rc5 Qxa2 27. Ng5 h6 28. Nh3 Ne6 29. Qa5 Qxa5 30. Rxa5 a6 31. Be5 Bxe5 32. Rxe5 Kf7 33. b4 Kf6 34. Re1 Rd4 35. Rb1 b5 36. Kf1 g5 37. Ke2 Rc4 38. Ng1 Nd4+ 39.
Kd3 Nc6 40. Ne2 Ne5+ 41. Ke3 f4+ 42. Kd2 Nxf3+ 43. Kd3 Ne5+ 44. Kd2 Nc6 45. Nc3 Ke5 46. Re1+ Kf5 47. Rb1 Rxb4 48. Re1 Rd4+ 49. Kc2 Nb4+ 50. Kb3 Nd3 51. Re8 Nc5+ 52. Kb2 Rb4+ 53. Kc2 Rc4 54. Kd2 b4 55. Nd5 Rd4+ 56. Kc2 Rxd5 0-1

[Event "*** SCC Grand Prix: Titled Tuesday Blitz"]
[Site "Chess.com"]
[Date "2020.07.14"]
[Round "3"]
[White "ElCoachRene"]
[Black "doctorcristian"]
[Result "0-1"]
[WhiteElo "2201"]
[BlackElo "2401"]
[TimeControl "180+1"]
[EndTime "10:28:31 PDT"]
[Termination "doctorcristian won by resignation"]

1. d4 Nf6 2. Bf4 d5 3. e3 c5 4. c3 Nc6 5. Bd3 cxd4 6. exd4 Bg4 7. Qb3 Qc8 8. Nd2 e6 9. Ngf3 Be7 10. O-O Bh5 11.
Rfe1 Bg6 12. Bxg6 hxg6 13. h3 O-O 14. Ne5 Nxe5 15. dxe5 Nd7 16. Nf3 Bc5 17. Qa4 Qc6 18. Qd1 Qb6 19. Qe2 a5 20. a3 a4 21.
Rad1 Qa6 22. Qd2 Rfc8 23. Be3 Be7 24. Bd4 Qb5 25. Rb1 Nc5 26. Qf4 Nd3 27. Qg4 Nxe1 28. Nxe1 Rc4 29. Qg3 Qb3 30. Qd3 Bc5 31. Nf3 Bxd4 32.
Nxd4 Qb6 33. Nc2 Rac8 34. Nb4 Re4 35. Qc2 Rxe5 36. Qxa4 Re2 37. Rf1 Rxb2 38. Qd7 Qc7 39. Qb5 Qxc3 40. Qxb7 Qc7 41. Qb5 Qc5 42. Qb7 d4 43.
Qa6 Qc4 44. Qb7 d3 45. Qd7 d2 46. Rd1 Qc1 47. Qxc8+ Qxc8 48. Rxd2 Rxd2 0-1

[Event "*** SCC Grand Prix: Titled Tuesday Blitz"]
[Site "Chess.com"]
[Date "2020.07.14"]
[Round "3"]
[White "Konavets"]
[Black "bascheyaro"]
[Result "1/2-1/2"]
[WhiteElo "3057"]
[BlackElo "2705"]
[TimeControl "180+1"]
[EndTime "10:28:32 PDT"]
[Termination "Game drawn by agreement"]

1. e4 e6 2. d4 d5 3. Nc3 Bb4 4. e5 Ne7 5. a3 Bxc3+ 6. bxc3 b6 7. Qg4 Kf8 8. h4 Ba6 9. Bxa6 Nxa6 10. h5 h6 11. a4 c5 12. Ne2 Rc8 13. Ba3 Kg8 14. dxc5 Nxc5 15. a5 Ne4 16. axb6 axb6 17. O-O Rc4 18.
Qh3 Nc6 19. f3 Nxc3 20. Nxc3 Rxc3 21. Bd6 Kh7 22. Ra4 f5 23. exf6 Qxf6 24. Rf4 Qg5 25. Qxe6 Qxh5 26. Rg4 Rd8 27. Rd1 Rxc2 28. Rxd5 Re8 29.
Rxh5 Rxe6 30. Bf8 Rg6 31. Rxg6 Kxg6 32. Rb5 Kf7 33. Ba3 Nd4 34. Rxb6 Ne2+ 35. Kh2 Nf4 36. Rb2 Rxb2 37. Bxb2 1/2-1/2

[Event "*** SCC Grand Prix: Titled Tuesday Blitz"]
[Site "Chess.com"]
[Date "2020.07.14"]
[Round "3"]
[White "deep306"]
[Black "jsl796"]
[Result "0-1"]
[WhiteElo "2610"]
[BlackElo "2862"]
[TimeControl "180+1"]
[EndTime "10:28:32 PDT"]
[Termination "jsl796 won by resignation"]

1. d4 Nf6 2. c4 g6 3. Nc3 Bg7 4. e4 O-O 5. Be2 d6 6. Nf3 e5 7. O-O exd4 8. Nxd4 Re8 9. f3 c6 10. Bg5 Qb6 11. Na4 Qa5 12. Bd2 Qe5 13. Bc3 Qe7 14. b3 Nbd7 15. Qd2 d5 16. exd5 c5 17. Nxc5 Nxc5 18. Rfe1 Nfe4 19. fxe4 Nxe4 20. Qc2 Nxc3 21. Qxc3 Qc5 22. Rad1 Re4 23. Kh1 Bxd4 24. Qf3 Bf5 25. Bd3 Rxe1+ 26. Rxe1 Bxd3 27. Qxd3 Bf6 28. h3 Kg7 29. Rf1 Re8 30. Qf3 Qd6 31. c5 Qe5 32. d6 Rd8 33. b4 Rd7 34. a3 Qc3 35. Qg4 Rd8 36. Qe4 b6 37. Qd5 Qd4 38. Qc6 Qd3 39. Re1 Qxa3 40. Qc7 Qxb4 41. Rf1 Qxc5 42. Rxf6 Qxc7 43. dxc7 Rd1+ 44. Kh2 Rc1 45. Rf3 Rxc7 0-1

[Event "*** SCC Grand Prix: Titled Tuesday Blitz"]
[Site "Chess.com"]
[Date "2020.07.14"]
[Round "3"]
[White "velemajstor767276"]
[Black "Maghalashvili"]
[Result "0-1"]
[WhiteElo "2533"]
[BlackElo "2771"]
[TimeControl "180+1"]
[EndTime "10:28:32 PDT"]
[Termination "Maghalashvili won on time"]

1. d4 Nf6 2. c4 e6 3. Nf3 d5 4. Nc3 Be7 5. Bg5 O-O 6. e3 h6 7. Bh4 Ne4 8. Bxe7 Qxe7 9. Rc1 c6 10. Nxe4 dxe4 11. Nd2 e5 12. d5 f5 13. Be2 a5 14.
O-O Na6 15. Kh1 Rd8 16. a3 Kh8 17. dxc6 bxc6 18. Qc2 Nc5 19. Rcd1 Be6 20. Nb1 f4 21.
Nc3 Bf5 22. f3 exf3 23. Qxf5 fxe2 24. Nxe2 fxe3 25. Qf3 Qg5 26. Qxc6 Rdc8 27. Qd5 a4 28. Ng3 Nb3 29. Rf5 Qg4 30. Re1 Qxc4 31. Qxc4 Rxc4 32. Rxe5 Rc2 33. Re2 Rc1+ 0-1

[Event "*** SCC Grand Prix: Titled Tuesday Blitz"]
[Site "Chess.com"]
[Date "2020.07.14"]
[Round "3"]
[White "Andrei_Belozerov"]
[Black "Maxim_e2e4"]
[Result "0-1"]
[WhiteElo "2555"]
[BlackElo "2397"]
[TimeControl "180+1"]
[EndTime "10:28:33 PDT"]
[Termination "Maxim_e2e4 won by resignation"]

1. e4 e5 2. Nf3 Nc6 3. Bb5 Nd4 4. Nxd4 exd4 5. O-O Bc5 6. d3 c6 7. Ba4 d6 8. Nd2 Ne7 9. Nf3 Ng6 10. c3 Bg4 11. h3 Bxf3 12. Qxf3 O-O 13. Bd2 a5 14. Kh1 b5 15. Bc2 a4 16. Qg3 Qb6 17. f4 f5 18. b4 axb3 19. Bxb3+ Kh8 20. exf5 Rxf5 21. Be6 Rff8 22. f5 Ne5 23. Rf4 Rf6 24. Rh4 h6 25. Rf1 Raf8 26. Re1 dxc3 27. Bxc3 Bf2 28. Qf4 Bxe1 29.
Bxe1 Rxe6 30. d4 Nd3 31. fxe6 Rxf4 32. e7 Qb8 33. Bg3 Rxh4 34. Bxd6 Qe8 0-1

[Event "*** SCC Grand Prix: Titled Tuesday Blitz"]
[Site "Chess.com"]
[Date "2020.07.14"]
[Round "3"]
[White "ace_mar"]
[Black "KejJaj"]
[Result "1-0"]
[WhiteElo "2452"]
[BlackElo "2036"]
[TimeControl "180+1"]
[EndTime "10:28:33 PDT"]
[Termination "ace_mar won by checkmate"]

1. d4 f5 2. g3 Nf6 3. Bg2 e6 4. Nf3 d5 5. O-O Bd6 6. c4 c6 7. Nc3 O-O 8. Qc2 Ne4 9. Rb1 a5 10. a3 Nd7 11. b4 axb4 12. axb4 Ndf6 13. b5 Bd7 14. c5 Bb8 15. bxc6 Bxc6 16. Bf4 Bxf4 17.
gxf4 Nxc3 18. Qxc3 Ne4 19. Qb4 Kh8 20. Ne5 Qh4 21. e3 g5 22. f3 Nf6 23. fxg5 Qxg5 24. Rfe1 Nd7 25. Nxd7 Bxd7 26. Qxb7 Rg8 27. Rb2 Ba4 28. c6 Rac8 29. c7 h5 30. f4 Qg4 31.
Qa7 Bb5 32. Qc5 Bd7 33. Qd6 Ba4 34. Qxe6 h4 35. Qh6# 1-0

[Event "*** SCC Grand Prix: Titled Tuesday Blitz"]
[Site "Chess.com"]
[Date "2020.07.14"]
[Round "3"]
[White "Witik"]
[Black "PSvidler"]
[Result "0-1"]
[WhiteElo "2671"]
[BlackElo "2981"]
[TimeControl "180+1"]
[EndTime "10:28:34 PDT"]
[Termination "PSvidler won on time"]

1. e4 c5 2. Nf3 e6 3. d4 cxd4 4. Nxd4 a6 5. c4 Nf6 6. Nc3 Qc7 7. a3 Nxe4 8. Nxe4 Qe5 9. Be2 Qxe4 10. O-O Nc6 11.
Be3 Be7 12. c5 O-O 13. Rc1 Bf6 14. Bf3 Qe5 15. Nxc6 dxc6 16. b4 a5 17. Rc4 Rd8 18. Qc2 axb4 19. axb4 Ra1 20. g3 Rxf1+ 21. Kxf1 Qa1+ 22.
Kg2 e5 23. Bg4 Bxg4 24. Rxg4 h5 25. Rc4 g6 26. b5 cxb5 27. Rb4 Qa6 28. Qb3 Qc6+ 29.
f3 e4 30. Rxe4 Re8 31. Rxe8+ Qxe8 32. Bf2 Qc6 33. h4 Be7 34. Qe3 Bf8 35. Qd4 Qe6 36.
Qd8 b4 37. Qb8 Qd5 38. Qe8 b3 0-1

[Event "*** SCC Grand Prix: Titled Tuesday Blitz"]
[Site "Chess.com"]
[Date "2020.07.14"]
[Round "3"]
[White "elamier"]
[Black "tamarozi99"]
[Result "0-1"]
[WhiteElo "2307"]
[BlackElo "2021"]
[TimeControl "180+1"]
[EndTime "10:28:34 PDT"]
[Termination "tamarozi99 won by resignation"]

1. d4 Nf6 2. Bg5 g6 3. Bxf6 exf6 4. e3 Bg7 5. c4 f5 6. Nc3 O-O 7. Bd3 f4 8. exf4 Bxd4 9. Nge2 Bg7 10. O-O d6 11. Ng3 f5 12. Qd2 Be6 13. Rfe1 Bf7 14. Rad1 Nc6 15. b3 Nd4 16. Nge2 Ne6 17. Bb1 Re8 18.
Nd5 Nc5 19. Ng3 Qd7 20. b4 Ne6 21. h4 c6 22. Nc3 Rad8 23. h5 Nxf4 24. Rxe8+ Qxe8 25.
Qxf4 Bxc3 26. Rxd6 Rxd6 27. Qxd6 Qe1+ 28. Kh2 Qxb1 29. h6 Qe1 30. Qb8+ Qe8 31. Qxb7 Be5 32. Qxa7 f4 33. Ne4 f3+ 34. g3 Bb8 35. Nf6+ Kh8 36. Qd4 Be5 37. Qh4 Qd8 38. Ng4 Qxh4+ 0-1

[Event "*** SCC Grand Prix: Titled Tuesday Blitz"]
[Site "Chess.com"]
[Date "2020.07.14"]
[Round "3"]
[White "MITerryble"]
[Black "Tonychess32"]
[Result "0-1"]
[WhiteElo "2796"]
[BlackElo "2616"]
[TimeControl "180+1"]
[EndTime "10:28:35 PDT"]
[Termination "Tonychess32 won on time"]

1. d4 Nf6 2. Nf3 e6 3. c4 d5 4. e3 c6 5. b3 Nbd7 6. Bd3 Bd6 7.
Bb2 O-O 8. O-O b6 9. Nbd2 Bb7 10. Qe2 Re8 11. Ne5 c5 12. Rfd1 Rc8 13. cxd5 exd5 14. f4 cxd4 15. exd4 Nf8 16. Rac1 Qe7 17. Bf5 Rxc1 18.
Rxc1 Ne6 19. g3 g6 20. Bh3 Rc8 21. Rxc8+ Bxc8 22. Bg2 Bb7 23. Qd3 Qc7 24. Bf3 Ng7 25. Qc3 Qd8 26. Qc2 Nf5 27. Nf1 Qe7 28. a4 h5 29. Qe2 Ne4 30. Nd2 Kg7 31. Nxe4 dxe4 32. Bg2 f6 33. Nc4 Bb4 34. Bh3 e3 35. Bxf5 gxf5 36. Qxe3 Qd7 37. Kf1 Qd5 38. Ke2 Qg2+ 39. Qf2 Qe4+ 40. Ne3 Ba6+ 41. Kd1 Qd3+ 42. Kc1 Bb7 43.
d5 Bc5 0-1

[Event "*** SCC Grand Prix: Titled Tuesday Blitz"]
[Site "Chess.com"]
[Date "2020.07.14"]
[Round "3"]
[White "Unknown_IM"]
[Black "Skatchkov_V"]
[Result "0-1"]
[WhiteElo "2378"]
[BlackElo "2569"]
[TimeControl "180+1"]
[EndTime "10:28:35 PDT"]
[Termination "Skatchkov_V won by resignation"]

1. e4 e5 2. Nf3 Nf6 3. Nxe5 d6 4. Nf3 Nxe4 5. Nc3 Nxc3 6. dxc3 Be7 7. b3 Nc6 8. Bb2 Be6 9. Bd3 Qd7 10. Qd2 O-O-O 11. O-O-O h6 12. Kb1 Rhe8 13. Rhe1 Bf6 14. Nd4 Nxd4 15.
cxd4 Bf5 16. d5 Bxb2 17. Kxb2 Bxd3 18. Qxd3 Qg4 19. g3 Qg5 20. f4 Qf6+ 21. Qc3 Qxc3+ 22. Kxc3 Kd7 23. Kd4 c5+ 24. dxc6+ bxc6 25. c4 f5 26. c5 d5 27. Re5 Rb8 28. Rde1 Rxe5 29. Rxe5 g6 30. Re3 Rb4+ 31. Ke5 Re4+ 32. Rxe4 dxe4 33.
Kd4 Kc7 34. b4 h5 35. h4 a5 36. a3 axb4 37. axb4 Kb7 38. Kc4 Ka6 39. b5+ cxb5+ 40. Kb4 Kb7 41. Kxb5 e3 42. c6+ Kc7 43. Kc5 e2 44.
Kd5 e1=Q 0-1

[Event "*** SCC Grand Prix: Titled Tuesday Blitz"]
[Site "Chess.com"]
[Date "2020.07.14"]
[Round "3"]
[White "ChronicUnhappiness"]
[Black "Aguiar94"]
[Result "0-1"]
[WhiteElo "2349"]
[BlackElo "2544"]
[TimeControl "180+1"]
[EndTime "10:28:35 PDT"]
[Termination "Aguiar94 won by checkmate"]

1. c4 e6 2. d4 Nf6 3. Nf3 b6 4. g3 Ba6 5. b3 b5 6. Nbd2 Bb4 7. Bg2 bxc4 8. O-O c3 9. Nb1 h6 10. a3 Be7 11. Nxc3 O-O 12. Qc2 d5 13. Bf4 Nbd7 14. Ne5 Nxe5 15. Bxe5 Nd7 16. Bf4 c5 17. Rfd1 Rc8 18. dxc5 Bxc5 19. Qb2 Qf6 20. Rac1 Bd4 21. Rxd4 Qxd4 22. Be3 Qf6 23. Bxa7 Rc7 24. Be3 Rfc8 25. Bd2 Nc5 26. b4 Nd7 27. b5 Bb7 28. a4 Nb6 29. Qa2 Rxc3 30. Rxc3 Rxc3 31. Bxc3 Qxc3 32.
Bf3 Qa5 33. Qa3 Qxa4 34. Qe7 Qa8 35. Bh5 d4 36. Bxf7+ Kh8 37. Bxe6 Qa1# 0-1

[Event "*** SCC Grand Prix: Titled Tuesday Blitz"]
[Site "Chess.com"]
[Date "2020.07.14"]
[Round "3"]
[White "Titus369"]
[Black "Parkas"]
[Result "1-0"]
[WhiteElo "2532"]
[BlackElo "2340"]
[TimeControl "180+1"]
[EndTime "10:28:35 PDT"]
[Termination "Titus369 won on time"]

1. e4 g6 2. d4 Bg7 3. Nf3 d6 4. Nc3 Nf6 5. h3 O-O 6. Be3 a6 7. a4 b6 8. e5 Ne8 9. Bd3 Bb7 10. Qe2 c5 11. exd6 Nxd6 12. dxc5 bxc5 13. O-O Nd7 14.
Nd2 Qa5 15. Nc4 Nxc4 16. Bxc4 Bxc3 17. bxc3 Qxc3 18. Bh6 Rfe8 19. Rab1 Bc6 20. Rb3 Qd4 21.
Rd1 Qf6 22. Re3 e6 23. a5 Rac8 24. Bxa6 Rb8 25. Bc4 Qh4 26. a6 Qxh6 27. Rd6 1-0

[Event "*** SCC Grand Prix: Titled Tuesday Blitz"]
[Site "Chess.com"]
[Date "2020.07.14"]
[Round "3"]
[White "Bazarov04"]
[Black "dretch"]
[Result "0-1"]
[WhiteElo "2595"]
[BlackElo "2812"]
[TimeControl "180+1"]
[EndTime "10:28:36 PDT"]
[Termination "dretch won by resignation"]

1. d4 d5 2. Nf3 Nf6 3. g3 Bf5 4.
Bg2 e6 5. O-O Nbd7 6. b3 Bd6 7.
Bb2 c6 8. c4 O-O 9. Nbd2 h6 10.
a3 a5 11. Ne5 Qc7 12. Ndf3 Be4 13. Rc1 Rfd8 14. Nd3 b6 15. Qd2 Qb7 16. Rfd1 Qa6 17.
cxd5 Bxd5 18. Nfe5 Bxg2 19. Kxg2 Bxe5 20. dxe5 Nd5 21.
e4 Ne7 22. Qf4 Qb5 23. b4 axb4 24. axb4 c5 25. Qe3 c4 26. Nf4 Nc6 27. Rd6 Ndxe5 28. Rcd1 Nd3 29. Rxd8+ Rxd8 30. g4 Nxf4+ 31. Qxf4 Rxd1 0-1

[Event "*** SCC Grand Prix: Titled Tuesday Blitz"]
[Site "Chess.com"]
[Date "2020.07.14"]
[Round "3"]
[White "Zkid"]
[Black "deribas12345"]
[Result "0-1"]
[WhiteElo "2761"]
[BlackElo "2598"]
[TimeControl "180+1"]
[EndTime "10:28:36 PDT"]
[Termination "deribas12345 won by resignation"]

1. e4 e6 2. d4 d5 3. Nc3 Nf6 4. e5 Ne4 5. Nce2 f6 6. f3 Ng5 7. f4 Ne4 8. Nf3 c5 9. g3 Nc6 10. Bg2 Qb6 11. exf6 gxf6 12. Be3 Qxb2 13. O-O Qa3 14.
Qd3 c4 15. Qxa3 Bxa3 16. f5 e5 17. dxe5 fxe5 18. Ng5 Nxg5 19. Bxg5 d4 20. Bf6 Rf8 21. Bxc6+ bxc6 22. Bxe5 c5 23. f6 Kf7 24. Rab1 d3 25.
cxd3 cxd3 26. Nf4 c4 27. Rfc1 Ba6 28. Rc3 Bc5+ 29. Kf1 Rfe8 30. Nxd3 Bf8 31. Nf2 Rxe5 32. Rf3 c3+ 33. Kg1 c2 34. Rc1 Rc8 35. Rb3 Bh6 36. Ng4 Bxc1 37. Nxe5+ Kxf6 0-1

[Event "*** SCC Grand Prix: Titled Tuesday Blitz"]
[Site "Chess.com"]
[Date "2020.07.14"]
[Round "3"]
[White "Omk124"]
[Black "Meri-Arabidze"]
[Result "0-1"]
[WhiteElo "2364"]
[BlackElo "2563"]
[TimeControl "180+1"]
[EndTime "10:28:36 PDT"]
[Termination "Meri-Arabidze won by checkmate"]

1. Nf3 d5 2. g3 Nf6 3. Bg2 e6 4. O-O Be7 5. d3 O-O 6. Nbd2 c5 7. e4 Nc6 8. Re1 b5 9. c3 a5 10. Qe2 b4 11. Nf1 dxe4 12. dxe4 Ba6 13. c4 e5 14. b3 Nd4 15. Nxd4 cxd4 16. Rd1 Bc5 17. Ne3 Re8 18. Nf5 Qb6 19. Bg5 a4 20. h4 Bb7 21.
Rab1 axb3 22. axb3 Ra6 23. h5 h6 24. Bc1 Rea8 25. Kh2 Ra2 26. Rb2 Rxb2 27. Bxb2 Ra2 28.
Rd2 Bf8 29. Qd1 Qc6 30. Qg4 Kh8 31. Qe2 Nxe4 32. Rd1 Qf6 33. Bxe4 Bxe4 34. Qxe4 Rxb2 35.
Ra1 Rxf2+ 36. Kg1 Qxf5 37. Qa8 Kh7 38. Qxf8 Qf3 39. g4 Qg2# 0-1

[Event "*** SCC Grand Prix: Titled Tuesday Blitz"]
[Site "Chess.com"]
[Date "2020.07.14"]
[Round "3"]
[White "JiiHart"]
[Black "Colombiano07"]
[Result "0-1"]
[WhiteElo "2102"]
[BlackElo "2322"]
[TimeControl "180+1"]
[EndTime "10:28:36 PDT"]
[Termination "Colombiano07 won on time"]

1. e4 c5 2. Nf3 g6 3. d4 cxd4 4. Nxd4 Nf6 5. Nc3 Nc6 6. Be3 Bg7 7. Be2 O-O 8. O-O d5 9. exd5 Nxd5 10. Nxc6 bxc6 11. Bd4 Nxc3 12. Bxc3 Bxc3 13. bxc3 Bf5 14. Bf3 Qa5 15. Bxc6 Rac8 16. Qf3 Qc5 17. Be4 Be6 18. Rab1 Qxc3 19. Rb7 a5 20. Rxe7 Bxa2 21. Qxc3 Rxc3 22. Ra7 Re8 23. f3 Bc4 24. Ra1 f5 25. Bc6 Re2 26. Ba4 Re5 27. h3 Rc5 28. Bd7 Bd5 29.
R7xa5 Rxc2 0-1

[Event "*** SCC Grand Prix: Titled Tuesday Blitz"]
[Site "Chess.com"]
[Date "2020.07.14"]
[Round "3"]
[White "albi1999"]
[Black "JonahWillow"]
[Result "1-0"]
[WhiteElo "2482"]
[BlackElo "2704"]
[TimeControl "180+1"]
[EndTime "10:28:37 PDT"]
[Termination "albi1999 won by resignation"]

1. d4 Nf6 2. c4 e6 3. Nf3 c5 4.
d5 exd5 5. cxd5 d6 6. Nc3 g6 7.
h3 Bg7 8. e4 O-O 9. Bd3 b5 10.
Nxb5 Re8 11. O-O Nxe4 12. Re1 a6 13. Nc3 Nxc3 14. Rxe8+ Qxe8 15. bxc3 Bxc3 16. Rb1 Nd7 17. Qa4 Nf6 18. Qc4 Ba5 19. Bg5 Nd7 20. Qa4 f6 21. Qxa5 fxg5 22. Qc7 Nf8 23. Qxd6 Bf5 24. Bxf5 gxf5 25.
Nxg5 Qg6 26. Ne6 Re8 27. Rb8 Nxe6 28. dxe6 c4 29. Rxe8+ Qxe8 30. Qg3+ Kf8 31. Qe5 Ke7 32. Qc5+ Kxe6 33. Qxc4+ Ke7 34. Qe2+ Kf8 35. Qxe8+ Kxe8 36. Kf1 Ke7 37. Ke2 Ke6 38. Ke3 Ke5 39. f4+ Kd5 40.
g4 Ke6 41. Kd4 h6 42. a4 Kf6 43. a5 Ke6 44. Kc5 1-0

[Event "*** SCC Grand Prix: Titled Tuesday Blitz"]
[Site "Chess.com"]
[Date "2020.07.14"]
[Round "3"]
[White "Supernotar"]
[Black "Denmark2015"]
[Result "1/2-1/2"]
[WhiteElo "2837"]
[BlackElo "2577"]
[TimeControl "180+1"]
[EndTime "10:28:37 PDT"]
[Termination "Game drawn by agreement"]

1. d4 e6 2. c4 f5 3. Nf3 Nf6 4. Qc2 Be7 5. g3 O-O 6. Bg2 d6 7. Nc3 a5 8. O-O Nc6 9. d5 Nb4 10. Qd1 e5 11. a3 Na6 12. b4 Bd7 13. Rb1 axb4 14. axb4 Qe8 15. c5 e4 16. cxd6 Bxd6 17. Nd4 Nxb4 18. Qb3 Qe5 19. Ndb5 Bxb5 20. Nxb5 Nbxd5 21.
Nxd6 cxd6 22. Bb2 Qe6 23. Rfd1 Rfe8 24. Bxf6 Nxf6 25. Rxd6 Qxb3 26. Rxb3 Rab8 27. Rdb6 Re7 28. Bh3 Nd5 29. R6b5 Re5 30. Rxb7 Rxb7 31. Rxb7 Ne7 32. e3 Kf7 33. Bf1 Rc5 34. Kg2 Kf6 35. h4 h6 36. Rb6+ Rc6 37. Rxc6+ Nxc6 38. Be2 1/2-1/2

[Event "*** SCC Grand Prix: Titled Tuesday Blitz"]
[Site "Chess.com"]
[Date "2020.07.14"]
[Round "3"]
[White "Niclox"]
[Black "Efremov_Vlad"]
[Result "1-0"]
[WhiteElo "2723"]
[BlackElo "2228"]
[TimeControl "180+1"]
[EndTime "10:28:37 PDT"]
[Termination "Niclox won by resignation"]

1. e4 c5 2. Nf3 e6 3. b3 Nc6 4. Bb2 a6 5. g3 Nf6 6. e5 Ng4 7. h3 Nh6 8. Bg2 Be7 9. O-O Nf5 10.
Nc3 O-O 11. Re1 b6 12. Ne4 Bb7 13. c3 d5 14. exd6 Nxd6 15. Nxd6 Qxd6 16. d4 Rad8 17.
dxc5 Qxc5 18. Qe2 Bf6 19. c4 Bxb2 20. Qxb2 b5 21. cxb5 axb5 22. a4 Nb4 23. Rec1 Qe7 24. Qe2 bxa4 25. bxa4 Bxf3 26. Qxf3 Qa7 27. Qb7 Qd4 28.
Rd1 Qxd1+ 29. Rxd1 Rxd1+ 30. Kh2 Nd3 31. Qb6 Rd2 32. Qe3 Rd1 33. Bf3 Nb2 34. Bxd1 Nxd1 35. Qd4 Nxf2 1-0

[Event "*** SCC Grand Prix: Titled Tuesday Blitz"]
[Site "Chess.com"]
[Date "2020.07.14"]
[Round "3"]
[White "BakaPG"]
[Black "vova-79"]
[Result "1/2-1/2"]
[WhiteElo "2642"]
[BlackElo "2470"]
[TimeControl "180+1"]
[EndTime "10:28:38 PDT"]
[Termination "Game drawn by agreement"]

1. e4 e6 2. d4 d5 3. e5 c5 4. c3 Nc6 5. Nf3 Bd7 6. Na3 cxd4 7. cxd4 Bb4+ 8. Bd2 Bxd2+ 9. Qxd2 Nge7 10. Bd3 Qa5 11.
Qxa5 Nxa5 12. Kd2 h6 13. h4 O-O 14. Rac1 Rac8 15. b3 Rxc1 16. Rxc1 Rc8 17. Rxc8+ Nxc8 18. h5 Kf8 19. Kc3 Ke7 20. g4 Nc6 21. Nc2 f6 22. Nce1 fxe5 23. Nxe5 Nd6 24. f4 Be8 25. N1f3 Nxe5 26.
dxe5 Nc8 27. Kd4 Nb6 28. Nh4 Na8 29. f5 Nc7 30. Ng2 exf5 31. Bxf5 Nb5+ 32. Kd3 Bc6 33.
Nf4 Nc7 34. a4 b6 35. Kd4 a5 36. Bc8 Kf7 37. e6+ Kf6 38. Bd7 Bb7 39. Ke3 Ba8 40.
Kd3 Bb7 41. Ke3 Ba8 42. Bc8 Bc6 43. Kd4 Ba8 44. Nd3 1/2-1/2

[Event "*** SCC Grand Prix: Titled Tuesday Blitz"]
[Site "Chess.com"]
[Date "2020.07.14"]
[Round "3"]
[White "GMKrikor"]
[Black "Duhless"]
[Result "0-1"]
[WhiteElo "2691"]
[BlackElo "3034"]
[TimeControl "180+1"]
[EndTime "10:28:39 PDT"]
[Termination "Duhless won by resignation"]

1. e4 c5 2. Nf3 d6 3. d4 cxd4 4. Nxd4 Nf6 5. Nc3 Nc6 6. Bg5 Bd7 7. Qd2 a6 8. O-O-O e6 9. f4 Be7 10. Nf3 b5 11. Bxf6 gxf6 12. Kb1 Qb6 13. f5 O-O-O 14. g3 Kb8 15. fxe6 fxe6 16. Bh3 Na5 17. b3 b4 18. Ne2 Nb7 19. Nf4 Nc5 20. Rhe1 Rhe8 21. Nd4 Bf8 22. Nh5 f5 23. Nf6 Nxe4 24. Nxe4 fxe4 25.
Rxe4 d5 26. Ree1 Bg7 27. Qe3 Rc8 28. Nxe6 Qc6 29. Rd2 Bc3 30. Nd4 Qc7 31. Qf2 Rxe1+ 32. Qxe1 Bxh3 0-1